 Dungeon Crawl Stone Soup version 0.25.1-8-g42b30a86e7 (webtiles) character file.

Game seed: 12978850043168552235

1287 Clowwww the Cleaver (level 8, -1/70 HPs)
             Began as a Hill Orc Fighter on Dec 10, 2020.
             Slain by an orc warrior
             ... wielding a +0 short sword
              (6 damage)
             ... on level 6 of the Dungeon.
             The game lasted 00:13:50 (5710 turns).

Clowwww the Cleaver (Hill Orc Fighter)              Turns: 5710, Time: 00:13:50

Health: -1/70      AC: 11    Str: 21    XL:     8   Next: 55%
Magic:  8/8        EV:  8    Int:  8    God:
Gold:   226        SH: 10    Dex: 10    Spells: 7/7 levels left

rFire    . . .     SeeInvis .   a - +0 war axe
rCold    . . .     Gourm    .   c - +0 kite shield
rNeg     . . .     Faith    .   b - +1 scale mail
rPois    .         Spirit   .   (no helmet)
rElec    .         Reflect  .   d - +0 cloak
rCorr    .         Harm     .   m - +0 pair of gloves
MR       .....                  (no boots)
Stlth    ..........             (no amulet)
HPRegen  0.21/turn              (no ring)
MPRegen  0.11/turn              (no ring)

@: lethally poisoned (-1 -> -1)
A: no striking features
a: no special abilities


You were on level 6 of the Dungeon.
You were hungry.

You visited 2 branches of the dungeon, and saw 7 of its levels.
You also visited: Sewer.

You collected 314 gold pieces.
You spent 88 gold pieces at shops.

Inventory:

Hand Weapons
 a - a +0 war axe (weapon)
Armour
 b - a +1 scale mail (worn)
 c - a +0 kite shield (worn)
 d - a +0 cloak (worn)
 m - a +0 pair of gloves (worn)
Wands
 i - a wand of paralysis (1)
 j - a wand of polymorph (6)
 q - a wand of digging (11)
 v - a wand of disintegration (10)
Scrolls
 e - 5 scrolls of teleportation
 h - a scroll of identify
 l - 2 scrolls of fog
 n - 2 scrolls of remove curse
 p - 3 scrolls of blinking
 r - a scroll of magic mapping
 x - a scroll of amnesia
Potions
 g - 4 potions of heal wounds
 k - a potion of brilliance
 o - 6 potions of curing
 s - 2 potions of flight
 t - 3 potions of magic
 w - a potion of invisibility
Comestibles
 f - 13 rations


   Skills:
 + Level 6.1 Fighting
 + Level 8.8 Axes
 + Level 5.9 Armour
 + Level 1.6 Dodging
 + Level 0.5 Stealth
 + Level 5.4 Shields
 + Level 0.3 Evocations


You had 7 spell levels left.
You didn't know any spells.
Your spell library contained the following spells:

 Spells                   Type           Power        Failure   Level  Hunger
 Confusing Touch          Hex            #.......     100%        3    ####...
 Gell's Gravitas          Tloc           #.........   100%        3    ####...
 Petrify                  Tmut/Erth      #.......     100%        4    #####..
 Metabolic Englaciation   Hex/Ice        #.........   100%        5    ######.
 Yara's Violent Unravell  Hex/Tmut       #.........   100%        5    ######.


Dungeon Overview and Level Annotations

Branches:
Dungeon (6/15)             Temple (1/1) D:6           Sewer (visited)

Altars:
Ashenzari
Dithmenos
Elyvilon
Fedhas
Gozag
Hepliaklqana
Kikubaaqudgha
Makhleb
Nemelex Xobeh
Okawaru
Qazlal
Sif Muna
Trog
Uskayaw
Vehumet
Wu Jian
Xom
Yredelemnul
Zin
The Shining One

Shops:
D:4 [?:%(


Message History

The orc warrior closely misses you.
You hit the orc warrior.
The orc warrior is almost dead.
You feel sick. You block the orc warrior's attack.
You hit the orc warrior but do no damage.
The orc warrior is almost dead.
The orc warrior hits you with a +0 short sword!
* * * LOW HITPOINT WARNING * * *
You are feeling hungry.
You hit the orc warrior but do no damage.
The orc warrior is almost dead.
The orc warrior barely misses you. You block the orc warrior's attack.
You hit the orc warrior but do no damage.
The orc warrior is almost dead.
You block the orc warrior's attack.
You hit the orc warrior but do no damage.
The orc warrior is almost dead.
You feel sick.
The orc warrior hits you with a +0 short sword.
You die...

.........###.###.
#.......###.##.. #
#.###.รท..##.##.. #.
##.#............. #.#
#..#^........##.#
#..##....###..#..# #
#...$...# #.......
##......###...##.#..#
#..)@.### #...##.#...
#..o)## ...#.......
#$.... ..## .#.####
#...#.# # ##.. .. ..
#.. ... ... ... ...
... #... .... ... .(.


You could see an orc warrior.

Vanquished Creatures
  Prince Ribbit (D:6)
  A sky beast (D:6)
  Purgy (D:3)
  A phantom (D:6)
  An ogre (D:5)
  A bullfrog (D:6)
  2 wyvern skeletons (D:6)
  A bullfrog zombie (D:5)
  A centaur zombie (D:6)
  2 hounds (D:4)
  A centaur skeleton (D:5)
  2 orc priests
  Ijyb (D:5)
  3 worker ants (D:4)
  2 hound zombies (D:6)
  7 river rats
  5 adders
  A shadow imp (D:6)
  An ooze (D:2)
  4 worms
  A dart slug (D:1)
  4 leopard geckos
  9 orcs
  5 ball pythons (Sewer)
  10 giant cockroaches
  10 goblins
  6 hobgoblins
  11 kobolds
  5 quokkas
  8 bats
  7 frilled lizards
  15 rats
130 creatures vanquished.

Notes
Turn   | Place    | Note
-------+----------+-------------------------------------------
     0 | D:1      | Clowwww the Hill Orc Fighter began the quest for the Orb.
     0 | D:1      | Reached XP level 1. HP: 19/19 MP: 1/1
    73 | D:1      | Reached XP level 2. HP: 26/27 MP: 2/2
   222 | D:1      | Reached skill level 3 in Axes
   614 | D:2      | Reached XP level 3. HP: 16/33 MP: 3/3
  1019 | D:2      | Found a faded altar of an unknown god.
  1088 | D:2      | Reached XP level 4. HP: 39/40 MP: 4/4
  1601 | D:3      | Noticed Purgy
  1612 | D:3      | Killed Purgy
  1612 | D:3      | Reached skill level 4 in Axes
  1612 | D:3      | Reached XP level 5. HP: 47/47 MP: 5/5
  1899 | D:3      | Reached skill level 5 in Axes
  2311 | D:4      | Found Ment's Food Shoppe.
  2316 | D:4      | Found Qyggomae's Magic Scroll Emporium.
  2323 | D:4      | Reached XP level 6. HP: 52/53 MP: 6/6
  2330 | D:4      | Bought a scroll of identify for 22 gold pieces
  2330 | D:4      | Bought a scroll of identify for 22 gold pieces
  2330 | D:4      | Bought a scroll of identify for 22 gold pieces
  2330 | D:4      | Bought a scroll of identify for 22 gold pieces
  2372 | D:4      | Found Wiroweus's Antique Armour Emporium.
  2440 | D:4      | Reached skill level 5 in Fighting
  2464 | D:4      | Found Fotwiuk's Weapon Shop.
  2485 | D:4      | Found an iron altar of Okawaru.
  2485 | D:4      | Found a basalt altar of Yredelemnul.
  2596 | D:4      | Found Duatuoc's Book Emporium.
  2705 | D:4      | Found a glowing drain.
  2714 | Sewer    | Entered a sewer
  2909 | Sewer    | Reached skill level 6 in Axes
  3321 | D:4      | Reached XP level 7. HP: 23/61 MP: 7/7
  3964 | D:5      | Entered Level 5 of the Dungeon
  4017 | D:5      | Reached skill level 5 in Armour
  4532 | D:5      | Found an ancient bone altar of Kikubaaqudgha.
  4539 | D:5      | Found a burning altar of Makhleb.
  4547 | D:5      | Found a shattered altar of Ashenzari.
  4619 | D:5      | Reached skill level 5 in Shields
  4768 | D:5      | Noticed Ijyb
  4779 | D:5      | Paralysed by Ijyb for 7 turns
  4804 | D:5      | Killed Ijyb
  4804 | D:5      | Reached skill level 7 in Axes
  4922 | D:6      | Reached skill level 1 in Dodging
  4931 | D:6      | Reached XP level 8. HP: 31/70 MP: 8/8
  5148 | D:6      | Found a staircase to the Ecumenical Temple.
  5159 | Temple   | Entered the Ecumenical Temple
  5373 | D:6      | Found a glowing golden altar of the Shining One.
  5413 | D:6      | Reached skill level 8 in Axes
  5560 | D:6      | Noticed Prince Ribbit
  5575 | D:6      | Killed Prince Ribbit
  5710 | D:6      | Slain by an orc warrior

Illustrated notes

Levels and vault maps discovered:
D:1:      beargit_arrival_greenhouse, layout_basic
D:2:      layout_loops_ring, chequers_ecumenical_altar_island, first_ration
D:3:      layout_rooms, minmay_crystal_room, nicolae_underground_beach,
          uniq_purgy
D:4:      layout_loops_cross, minitemple, portal_sewer_entry_b, serial_shops,
          shop, shop, shop, shop, shop
D:5:      layout_basic, minmay_overflow_temple_star_quad, uniq_ijyb
D:6:      layout_rooms, minmay_temple_entry_grid, nicolae_tso_carved_into_rock,
          uniq_prince_ribbit1
Temple:   regret_index_temple_waves

Skill      XL: |  1  2  3  4  5  6  7  8 |
---------------+-------------------------+-----
Axes           | 3 4 5 6 7 8 |  8.8
Shields        | 4 5 |  5.4
Fighting       | 4 5 6 |  6.1
Armour         | 4 5 |  5.9
Dodging        | 1 |  1.6
Stealth        | |  0.5
Evocations     | |  0.3

Action                   |  1- 3 |  4- 6 |  7- 9 || total
-------------------------+-------+-------+-------++-------
Melee: War axe           |   113 |   242 |   191 ||   546
Evoke: Wand              |       |       |     5 ||     5
  Use: Potion            |       |     1 |     1 ||     2
       Scroll            |       |    15 |     3 ||    18
  Eat: Chunk             |     1 |     7 |     8 ||    16
Armor: Scale mail        |    49 |    83 |    58 ||   190
Dodge: Dodged            |    30 |    72 |    51 ||   153
Block: Kite shield       |    59 |   122 |    75 ||   256
